 Dungeon Crawl Stone Soup version 0.20.0-15-g7f486f2 (webtiles) character file.

256 renl the Chopper (level 5, -1/42 HPs)
             Began as a Demonspawn Monk on July 2, 2017.
             Slain by Edmund
             ... wielding a +2 flail of holy wrath
              (3 damage)
             ... on level 4 of the Dungeon.
             The game lasted 00:11:52 (3105 turns).

renl the Chopper (Demonspawn Monk)                  Turns: 3105, Time: 00:11:53

Health: -1/42      AC:  9    Str: 13    XL:     5   Next: 92%
Magic:  14/14      EV:  9    Int: 11    God:
Gold:   172        SH:  0    Dex: 15    Spells: 4/4 levels left

rFire    . . .     SeeInvis .   a - +0 hand axe
rCold    . . .     Gourm    +   (no shield)
rNeg     . . .     Faith    .   q - +0 chain mail
rPois    .         Spirit   .   j - +0 helmet
rElec    .         Reflect  .   (no cloak)
rCorr    .         Harm     .   (no gloves)
MR       .....                  (no boots)
Stlth    ..........             i - amulet of the gourmand
Regen    0.2/turn               s - ring of magical power
MPRegen  0.2/turn               (no ring)

@: no status effects
A: hooves 1, repulsion field 1, spiny 1
a: no special abilities


You were on level 4 of the Dungeon.
You were very full.

You visited 1 branch of the dungeon, and saw 4 of its levels.

You collected 172 gold pieces.

Inventory:

Hand Weapons
 a - a +0 hand axe (weapon)
 k - a +0 mace of protection
Armour
 j - a +0 helmet (worn)
 q - a +0 chain mail (worn)
Jewellery
 i - an amulet of the gourmand (around neck)
 s - a ring of magical power (left hand)
Scrolls
 b - 4 scrolls of identify {unknown}
 e - 2 scrolls of remove curse {unknown}
 l - a scroll of random uselessness {unknown}
 n - 2 scrolls of teleportation {unknown}
Potions
 f - a potion of degeneration {unknown}
 g - a potion of magic {unknown}
 h - a potion of curing {unknown}
 m - a potion of brilliance {unknown}
 p - a potion of ambrosia {unknown}
Books
 o - a book of Callings

   Spells                             Type                      Level
   a - Summon Small Mammal            Summoning                    1
   b - Call Imp                       Summoning                    2
   c - Call Canine Familiar           Summoning                    3
   d - Summon Guardian Golem          Hexes/Summoning              3
   e - Summon Lightning Spire         Summoning/Air                4
   f - Summon Ice Beast               Ice/Summoning                4
Comestibles
 c - 6 bread rations
 d - a royal jelly


   Skills:
 + Level 3.9 Fighting
 + Level 4.4 Axes
 + Level 2.0 Armour
 + Level 3.6 Dodging
 - Level 1.7 Stealth


You had 4 spell levels left.
You didn't know any spells.

Dungeon Overview and Level Annotations

Branches:
Dungeon (4/15)
 Temple: D:4-7

Altars:

Annotations:
D:3 lodlin's ghost, amateur DsFi
D:4 Edmund


Innate Abilities, Weirdness & Mutations

You have large cloven feet.
You are surrounded by a mild repulsion field. (EV +2)
You are partially covered in sharp spines.


Message History

* * * LOW HITPOINT WARNING * * *
You hit Edmund. You kick Edmund, but do no damage.
Edmund is severely wounded.
You hit Edmund but do no damage.
Edmund is severely wounded.
Edmund hits you but does no damage.
You hit Edmund.
Edmund is almost dead.
Edmund hits you with a flail of holy wrath.
* * * LOW HITPOINT WARNING * * *
You convulse.
* * * LOW HITPOINT WARNING * * *
Unknown command.
You hit Edmund but do no damage. You kick Edmund, but do no damage.
Edmund is almost dead.
Edmund hits you but does no damage.
You closely miss Edmund. You kick Edmund, but do no damage.
Edmund is almost dead.
Edmund hits you with a flail of holy wrath.
You die...

##...... #.......
###########.......
#........##..#.###
#.######.....#.#.. #.#
#######.#.# #.# #.#..
#.# #### #.##. #@#
....# #....
#@##.....#########
#s.......#...#....
#..(..##.....#.###.###
...###.# ...$#.# #.#..
. #.# .###.# #.#.# #.#
# #.# #.#.. #.# #.#
#.##. #.# #.# #....


You could see Edmund and a scorpion.

Vanquished Creatures
  A phantom (D:4)
  An iguana (D:3)
  Robin (D:2)
  4 adders
  An ooze (D:4)
  2 worms
  3 dart slugs
  3 leopard geckos
  An orc (D:3)
  7 giant cockroaches
  14 goblins
  6 hobgoblins
  5 jackals (D:3)
  7 bats
  4 frilled lizards
  A jackal skeleton (D:4)
  11 kobolds
  13 rats
  A bush (D:1)
86 creatures vanquished.

Notes
Turn   | Place    | Note
-------+----------+-------------------------------------------
     0 | D:1      | renl the Demonspawn Monk began the quest for the Orb.
     0 | D:1      | Reached XP level 1. HP: 18/18 MP: 1/1
   113 | D:1      | Gained mutation: You have large cloven feet. [demonic ancestry]
   113 | D:1      | Reached XP level 2. HP: 11/24 MP: 2/2
   495 | D:1      | Reached skill level 3 in Axes
   735 | D:1      | Gained mutation: You are surrounded by a mild repulsion field. (EV +2) [demonic ancestry]
   735 | D:1      | Reached XP level 3. HP: 25/29 MP: 3/3
  1303 | D:2      | Noticed Robin
  1323 | D:2      | Killed Robin
  1323 | D:2      | Gained mutation: You are partially covered in sharp spines. [demonic ancestry]
  1323 | D:2      | Reached XP level 4. HP: 20/35 MP: 4/4
  1373 | D:2      | Reached skill level 1 in Armour
  2106 | D:3      | Noticed lodlin's ghost (amateur DsFi)
  2549 | D:4      | Noticed a phantom
  2563 | D:3      | Reached XP level 5. HP: 21/42 MP: 5/5
  2743 | D:4      | Killed a phantom
  2743 | D:4      | Reached skill level 4 in Axes
  3079 | D:4      | Noticed Edmund
  3103 | D:4      | HP: 1/42 [Edmund/flail of holy wrath (3)]
  3105 | D:4      | Slain by Edmund

Skill      XL: |  1  2  3  4  5 |
---------------+----------------+-----
Dodging        | 3 |  3.6
Axes           | 3 4 |  4.4
Armour         | 1 2 |  2.0
Fighting       | |  3.9
Stealth        | |  1.7

Action                   |  1- 3 |  4- 6 || total
-------------------------+-------+-------++-------
Melee: Hand axe          |   210 |   130 ||   340
       Kick              |    70 |    34 ||   104
  Eat: Chunk             |     6 |    13 ||    19
Armor: Robe              |     3 |       ||     3
       Ring mail         |    48 |    12 ||    60
       Leather armour    |     3 |       ||     3
       Chain mail        |       |    19 ||    19
Dodge: Dodged            |    93 |    55 ||   148
